 Dungeon Crawl Stone Soup version 0.31-a0-365-gcf821cafb2 (webtiles) character file.

Game seed: 15913518201896476264

712 lunkers the Grappler (level 8, -14/46 HPs)
             Began as a Meteoran Shapeshifter on July 27, 2023.
             Was a Follower of Okawaru.
             Demolished by a two-headed ogre
             ... wielding a +0 giant spiked club
              (17 damage)
             ... on level 4 of the Dungeon.
             The game lasted 00:05:15 (1401 turns).

lunkers the Grappler (Meteoran Shapeshifter)        Turns: 1401, Time: 00:05:16

Health: -14/46     AC:  9    Str: 28    XL:     8   Next: 20%
Magic:  10/10      EV: 10    Int: 10    God:    Okawaru [*.....]
Gold:   126        SH:  0    Dex: 16    Spells: 7/7 levels left

rFire   . .          .
                       - Unarmed
rCold   . . .        (shield currently unavailable)
rNeg    . . .        m - melded +0 ring mail
rPois   .            (helmet currently unavailable)
rElec   .            (cloak currently unavailable)
rCorr   .            (gloves currently unavailable)
SInv    .            (boots currently unavailable)
Will    +....        d - amulet of the acrobat
Stlth   +            f - +6 ring of strength
HPRegen 0.27/turn    (no ring)
MPRegen 0.12/turn

%: acrobat
@: snake-form, slowed, glowing, very slow
A: constrict, reduced hp, large, sense surroundings 1, otherworldly, glowing,
explore regen
a: Begin Untransformation, Renounce Religion, Heroism


You were on level 4 of the Dungeon.
You worshipped Okawaru.
Okawaru was aware of your devotion.
You were an enormous anaconda.
You visited 2 branches of the dungeon, and saw 5 of its levels.

You collected 126 gold pieces.

Inventory:

Armour
 a - a +0 animal skin
 g - a +0 pair of boots
 m - a +0 ring mail (melded)
Jewellery
 d - an amulet of the acrobat (around neck)
 f - a +6 ring of strength (left hand)
 j - an amulet of magic regeneration
Talismans
 b - a blade talisman
 c - a beast talisman
 i - a serpent talisman
Wands
 k - a wand of polymorph (11)
Scrolls
 n - a scroll of immolation {unknown}
 o - a scroll of fear {unknown}
Potions
 e - 4 potions of heal wounds
 h - 3 potions of magic {unknown}
 l - a potion of ambrosia {unknown}
 p - a potion of lignification
 q - a potion of might {unknown}


   Skills:
 - Level 1.1 Fighting
 - Level 2.4 Dodging
 * Level 8.8 Unarmed Combat
 + Level 2.6 Invocations
 + Level 5.5 Shapeshifting


You had 7 spell levels left.
You didn't know any spells.
Your spell library contained the following spells:

 Spells                   Type           Power      Damage    Failure   Level
 Magic Dart               Conj           0%         1d3       36%         1
 Blink                    Tloc           0%         N/A       50%         2
 Frozen Ramparts          Ice            0%         1d1       75%         3
 Mephitic Cloud           Conj/Pois/Air  0%         N/A       75%         3
 Manifold Assault         Tloc           0%         N/A       98%         4
 Petrify                  Tmut/Erth      0%         N/A       98%         4
 Metabolic Englaciation   Hex/Ice        0%         N/A       100%        5
 Call Imp                 Summ           Unusable   N/A       N/A         2

Dungeon Overview and Level Annotations

Branches:
Dungeon (4/15) Zot: 1121   Temple (1/1) D:4 Zot: 510

Altars:
Ashenzari
Cheibriados
Dithmenos
Elyvilon
Fedhas
Gozag
Hepliaklqana
Kikubaaqudgha
Makhleb
Nemelex Xobeh
Okawaru
Qazlal
Ru
Sif Muna
Trog
Uskayaw
Vehumet
Wu Jian
Yredelemnul
Zin
The Shining One


Innate Abilities, Weirdness & Mutations

You are an enormous anaconda.
You have a powerful constriction melee attack.
Your maximum health is decreased, since you lack skill for your form.
Your armour is entirely melded.
You are incapable of wielding weapons or throwing items.
You passively map a small area around you.
You are easily found by Zot.
You glow in the dark.
You regain HP and MP as you explore.


Message History

No target in view!
Found a falchion.
No target in view!
No target in view!
A goblin comes into view. It is wielding a +0 club.
The goblin shouts!
You hear a shout!
A ball python comes into view.
A goblin comes into view. It is wielding a +0 dagger.
The ball python hisses angrily.
The goblin shouts!
A giant cockroach comes into view.
An endoplasm comes into view.
A two-headed ogre comes into view.
It is wielding two +0 giant spiked clubs.
The goblin moves out of view.
The two-headed ogre shouts in stereo!
The goblin misses you.
There are monsters nearby!
You lash the ball python!
You kill the ball python!
Okawaru accepts your kill. The goblin hits you but does no damage.
You body-slam the goblin!!
You kill the goblin!
Okawaru accepts your kill. The endoplasm freezes you.
You are frozen.
You feel yourself slow down.
You body-slam the endoplasm!!
You kill the endoplasm!
Okawaru accepts your kill.
You barely miss the two-headed ogre. You grab the two-headed ogre.
You constrict the two-headed ogre.
The two-headed ogre hits you with a +0 giant spiked club!
* * * LOW HITPOINT WARNING * * *
The two-headed ogre hits you with a +0 giant spiked club!
* * * LOW HITPOINT WARNING * * *
You body-slam the two-headed ogre!!
The two-headed ogre is heavily wounded.
You constrict the two-headed ogre.
The two-headed ogre hits you with a +0 giant spiked club!
* * * LOW HITPOINT WARNING * * *
The two-headed ogre hits you with a +0 giant spiked club!
You die...

, ## * ###. .# ..... , .# #. ...#
, , .# #.# .... , , .# *,#.# ...
* ### .###########.#.###g####. *
####.. ..†........#.#$..O......
###.....
..######...#.#..SB.....###.......
....# #.....#.?.....####........
.#..# #....##....#### #..####.##
.##.####...# #.#### ##..##...#
...........# #...### #...#....#
###.##.>...# #.....## #...#....##
#.###.######......###....)...##
#.# #.....##.###..##....#######
#.# #..##.##.# #...#....# ###.


You could see a two-headed ogre, a giant cockroach and a goblin.

Vanquished Creatures
  Grinder (D:3)
  Duvessa (D:4)
  A scorpion (D:4)
  Dowan (D:4)
  A jelly (D:4)
  2 orc priests (D:3)
  Terence (D:2)
  2 iguanas
  Ijyb (D:3)
  5 adders
  An ufetubus (D:4)
  A worm (D:3)
  3 dart slugs
  An orc (D:3)
  6 ball pythons
  7 endoplasms
  2 giant cockroaches
  5 goblins
  3 hobgoblins (D:2)
  A quokka (D:2)
  2 ball python skeletons (D:3)
  4 bats
  5 frilled lizards
  5 kobolds
  2 quokka zombies (D:3)
  3 rats
67 creatures vanquished.

Notes
Turn   | Place    | Note
-------+----------+-------------------------------------------
     0 | D:1      | lunkers the Meteoran Shapeshifter began the quest for the
                  | Orb.
     0 | D:1      | Reached XP level 1. HP: 16/16 MP: 2/2
   135 | D:1      | Reached skill level 4 in Unarmed Combat
   229 | D:2      | Reached XP level 2. HP: 21/23 MP: 3/3
   315 | D:2      | Reached XP level 3. HP: 10/28 MP: 4/4
   416 | D:2      | Reached skill level 5 in Unarmed Combat
   476 | D:2      | Noticed Terence
   481 | D:2      | Killed Terence
   482 | D:2      | Reached XP level 4. HP: 35/35 MP: 5/5
   769 | D:3      | Reached XP level 5. HP: 24/40 MP: 6/6
   801 | D:3      | Found a shadowy altar of Dithmenos.
   805 | D:3      | Noticed Ijyb
   864 | D:3      | Reached skill level 6 in Unarmed Combat
   875 | D:3      | Killed Ijyb
   914 | D:3      | Reached XP level 6. HP: 22/47 MP: 7/7
   917 | D:3      | Noticed Grinder
   925 | D:3      | Killed Grinder
   926 | D:3      | Reached skill level 7 in Unarmed Combat
   926 | D:3      | Reached skill level 5 in Shapeshifting
   926 | D:3      | Reached XP level 7. HP: 13/52 MP: 8/8
  1020 | D:4      | Found a staircase to the Ecumenical Temple.
  1027 | Temple   | Entered the Ecumenical Temple
  1071 | Temple   | Became a worshipper of Warmaster Okawaru
  1193 | D:4      | Reached skill level 8 in Unarmed Combat
  1237 | D:4      | Reached skill level 1 in Invocations
  1244 | D:4      | Noticed Duvessa
  1249 | D:4      | Killed Duvessa
  1250 | D:4      | Noticed Dowan
  1251 | D:4      | Killed Dowan
  1251 | D:4      | Reached * piety under Okawaru
  1252 | D:4      | Reached XP level 8. HP: 35/59 MP: 10/10
  1393 | D:4      | Noticed a two-headed ogre
  1401 | D:4      | Demolished by a two-headed ogre

Illustrated notes

Levels and vault maps discovered:
D:1:      eino_arrival_water_star, layout_loops_ring, bh_walls_and_bars
D:2:      layout_basic, dreamdust_ecumenical_altar_sealed_demon,
          grunt_decor_cap, hangedman_decor_points, uniq_terence
D:3:      layout_rooms, mainiacjoe_overflow_cross_hatched, serial_undead,
          serial_undead_a, serial_undead_a, serial_undead_c, serial_undead_e,
          serial_undead_f, serial_undead_b, nicolae_elevator_lobby_plus,
          uniq_crazy_yiuf_cottage, uniq_grinder, uniq_ijyb
D:4:      minmay_recursive_quarters, layout_basic,
          minmay_temple_entry_butterflies, uniq_duvessa
Temple:   mainiacjoe_temple_big_plus

Skill      XL: |  1  2  3  4  5  6  7 |
---------------+----------------------+-----
Unarmed Combat | 4 5 6 7 8 |  8.8
Shapeshifting  | 4 5 |  5.5
Invocations    | 2 |  2.6
Fighting       | |  1.1
Dodging        | |  2.4

Action                     |  1- 3 |  4- 6 |  7- 9 || total
---------------------------+-------+-------+-------++-------
  Melee: Unarmed           |    47 |    82 |    48 ||   177
         Punch             |       |     3 |     1 ||     4
         Constrict         |       |       |     7 ||     7
    Use: Scroll            |     1 |     1 |     1 ||     3
         Potion            |     1 |       |       ||     1
 Armour: Animal skin       |     6 |     7 |       ||    13
         Skin              |     2 |       |    10 ||    12
         Ring mail         |       |       |     3 ||     3
  Dodge: Dodged            |    26 |    32 |    24 ||    82
   Form: Anaconda          |       |       |     1 ||     1

Table legend: (Time is in decaauts)
 A = Elapsed time spent in this place.
 B = Non-inter-level travel time spent in this place.
 C = Inter-level travel time spent in this place.
 D = Time resting spent in this place.
 E = Time spent auto-exploring this place.
 F = Levels seen in this place.
 G = Mean time per level.
                   A        B        C        D        E       F      G
               +--------+--------+--------+--------+--------+-----+--------+
         Total |   1367 |   1241 |    126 |     45 |    704 |   5 |  273.4 |
       Dungeon |   1277 |   1228 |     49 |     45 |    704 |   4 |  319.2 |
        Temple |     90 |     13 |     77 |      0 |      0 |   1 |   90.0 |
               +--------+--------+--------+--------+--------+-----+--------+

Top non-repeatable levels by time:
     D:2: 414 daAuts
     D:3: 353 daAuts
     D:4: 285 daAuts
     D:1: 224 daAuts
  Temple: 90 daAuts
